 Dungeon Crawl Stone Soup version 0.31-a0-986-g5e6e4ef867 (webtiles) character file.

Game seed: 6576553264814757074

14723 Firecrotchwizard the Fighter (level 11, 0/93 HPs)
             Began as a Minotaur Shapeshifter on Nov 5, 2023.
             Was a Priest of Hepliaklqana.
             Slain by a troll (12 damage)
             ... on level 11 of the Dungeon.
             The game lasted 00:26:31 (10651 turns).

Firecrotchwizard the Fighter (MiSh)                Turns: 10651, Time: 00:26:32

Health: 0/93       AC: 12    Str: 21    XL:     11   Next: 92%
Magic:  13/13      EV:  7    Int:  7    God:    Hepliaklqana [***...]
Gold:   672        SH:  6    Dex: 12    Spells: 10/10 levels left

rFire   . .          .
                       - Unarmed
rCold   . . .        D - +3 warlock's mirror {omnireflect}
rNeg    . . .        Q - +0 plate armour
rPois   .            (helmet currently unavailable)
rElec   .            (cloak currently unavailable)
rCorr   .            (gloves currently unavailable)
SInv    .            (boots currently unavailable)
Will    +....        (no amulet) Stlth
                     N - ring of willpower
HPRegen 0.35/turn    v - +4 ring of slaying
MPRegen 0.13/turn

%: reflection
@: beast-form
A: beast (slay +4), reduced essence, horns 2, retaliatory headbutt
a: Begin Untransformation, Renounce Religion, Recall Ancestor, Ancestor
Identity, Transference


You were on level 11 of the Dungeon.
You worshipped Hepliaklqana.
Hepliaklqana was most pleased with you.
You were a hulking beast.
You visited 1 branch of the dungeon, and saw 11 of its levels.
You also visited: Ossuary.

You collected 774 gold pieces.
You spent 102 gold pieces at shops.

Inventory:

Hand Weapons
 k - a +3 spectral quarterstaff
Missiles
 j - 17 poisoned darts
Armour
 a - a +0 animal skin
 r - a +3 scale mail of fire resistance
 B - a +0 tower shield
 D - the +3 warlock's mirror (worn) {omnireflect}
   (You acquired it on level 7 of the Dungeon)

   Omnireflect: It can block and reflect piercing ranged attacks and magical
   attacks against the wielder's willpower.
 M - a +2 pair of boots
 Q - a +0 plate armour (worn)
Jewellery
 l - a ring of ice
 m - a +6 ring of strength
 v - a +4 ring of slaying (right hand)
 N - a ring of willpower (left hand)
 P - a ring of flight
Talismans
 c - a beast talisman
 d - a flux talisman
 C - a blade talisman
Wands
 o - a wand of iceblast (5)
 s - a wand of polymorph (16)
 w - a wand of light (7)
 y - a wand of charming (25)
Scrolls
 g - 3 scrolls of blinking
 i - 10 scrolls of identify
 n - a scroll of summoning
 t - 8 scrolls of teleportation
 x - 3 scrolls of vulnerability
 G - 3 scrolls of revelation {unknown}
 H - a scroll of immolation {unknown}
 J - a scroll of amnesia
 K - a scroll of noise {unknown}
 L - a scroll of fog {unknown}
Potions
 b - 2 potions of lignification
 e - 4 potions of might
 f - 2 potions of heal wounds
 h - 2 potions of enlightenment {unknown}
 p - a potion of degeneration {unknown}
 q - 3 potions of attraction
 u - a potion of curing
 z - a potion of mutation {unknown}
 A - a potion of cancellation {unknown}
 E - 2 potions of resistance {unknown}
 F - a potion of invisibility {unknown}
 I - 2 potions of ambrosia {unknown}
 O - a potion of brilliance {unknown}


   Skills:
 + Level 12.0 Fighting
 - Level 5.5 Armour
 - Level 3.1 Dodging
 - Level 11.6 Unarmed Combat
 + Level 4.3 Invocations
 + Level 9.2 Shapeshifting


You had 10 spell levels left.
You didn't know any spells.
Your spell library contained the following spells:

 Spells                   Type           Power      Damage    Failure   Level
 Apportation              Tloc           0%         N/A       100%        1
 Jinxbite                 Hex            0%         N/A       100%        2
 Static Discharge         Conj/Air       0%         3-3/arc   100%        2
 Sublimation of Blood     Necr           0%         N/A       100%        2
 Airstrike                Air            0%         2d(0-16)  100%        4
 Petrify                  Tmut/Erth      0%         N/A       100%        4
 Summon Lightning Spire   Summ/Air       0%         N/A       100%        4
 Alistair's Intoxication  Tmut/Pois      0%         N/A       100%        5
 Irradiate                Conj/Tmut      0%         3d11      100%        5


Dungeon Overview and Level Annotations

Branches:
Dungeon (11/15)            Temple (0/1) D:6            Lair (0/5) D:10
    Orc (0/2) D:11        Ossuary (visited)

Altars:
Ashenzari
Cheibriados
Elyvilon
Fedhas
Hepliaklqana
Kikubaaqudgha
Makhleb
Okawaru
Trog
Zin
The Shining One

Shops:
D:3 ?([[[   D:7 (*!?   D:8 [   D:9 (

Annotations:
D:7 1 runed translucent door


Innate Abilities, Weirdness & Mutations

You are a hulking beast.
Your limbs bulge with bestial killing power. (Slay +4)
Your life essence is reduced to manifest your ancestor. (-10% HP)
You have a pair of horns on your head.
You reflexively headbutt those who attack you in melee.


Message History

The killer bee is almost dead.
The killer bee stings you.
The killer bee stings you but does no damage.
You pummel the killer bee!!
You kill the killer bee!
The killer bee stings you.
You are poisoned.
The killer bee poisons you!
You miss the killer bee. Your headbutt misses the killer bee.
You feel very sick. The killer bee closely misses you.
The killer bee stings you.
You closely miss the killer bee. Your headbutt misses the killer bee.
You feel sick. You block the killer bee's attack.
You punch the killer bee!
The killer bee is severely wounded.
You feel sick. The killer bee barely misses you. You furiously retaliate!
You headbutt the killer bee!
You kill the killer bee!
The killer bee stings you.
* * * LOW HITPOINT WARNING * * *
You punch the killer bee!
The killer bee is heavily wounded.
You feel sick. The killer bee stings you.
* * * LOW HITPOINT WARNING * * *
The killer bee closely misses you.
You feel better. The killer bee closely misses you. The killer bee stings you.
* * * LOW HITPOINT WARNING * * *
You closely miss the killer bee.
The killer bee is heavily wounded.
The killer bee stings you but does no damage.
You punch the killer bee!
You kill the killer bee!
The killer bee stings you.
* * * LOW HITPOINT WARNING * * *
You barely miss the killer bee. Your headbutt misses the killer bee.
The killer bee barely misses you. You furiously retaliate!
You headbutt the killer bee. The killer bee stings you.
* * * LOW HITPOINT WARNING * * *
You are poisoned.
The killer bee poisons you!
You hit the killer bee.
You headbutt the killer bee, but do no damage.
The killer bee is moderately wounded.
You feel very sick. The killer bee stings you.
* * * LOW HITPOINT WARNING * * *
You are more poisoned.
The killer bee poisons you!
You barely miss the killer bee. Your headbutt misses the killer bee.
The killer bee is moderately wounded.
You are no longer corroded.
You feel very sick.
The killer bee stings you but does no damage.
The killer bee stings you.
* * * LOW HITPOINT WARNING * * *
You are more poisoned.
The killer bee poisons you!
You miss the killer bee. Your headbutt misses the killer bee.
The killer bee is moderately wounded.
You feel very sick. The killer bee stings you.
* * * LOW HITPOINT WARNING * * *
The killer bee barely misses you.
You feel better. The killer bee stings you.
* * * LOW HITPOINT WARNING * * *
You are poisoned.
The killer bee poisons you! You block the killer bee's attack.
You closely miss the killer bee.
The killer bee is moderately wounded.
You feel very sick. You block the killer bee's attack.
The killer bee stings you but does no damage.
Unknown command.
You closely miss the killer bee.
The killer bee is moderately wounded.
You feel sick. The killer bee barely misses you.
You completely miss the killer bee.
The killer bee is moderately wounded.
You feel sick. The killer bee closely misses you.
You block the killer bee's attack.
Unknown command.
You pummel the killer bee!!
You kill the killer bee!
You feel sick.
You barely miss the troll. You headbutt the troll.
The troll is lightly wounded.
You feel sick. You block the troll's attack. The troll closely misses you.
The troll claws you!
* * * LOW HITPOINT WARNING * * *
You closely miss the troll.
Unknown command.
You punch the troll!
The troll is moderately wounded.
You feel sick. The troll bites you!
* * * LOW HITPOINT WARNING * * *
The troll claws you.
* * * LOW HITPOINT WARNING * * *
You block the troll's attack.
You feel better. The troll bites you!
You die...

♣###♣...## ##
#...$....... .........#!
.......... ..<......
#.....†.# ... #.....y#
#.# ##>..#T# #.#
#####h## #.# ##...##
#.#### ##.....#.#
#.##.## ##..........
###.#...####..........#
...........')...........
###.#...####..........##
.~~.##.## ########.#.#
P~~.#### ##.#


You could see a troll and a killer bee.

Vanquished Creatures
  3 two-headed ogres
  A gargoyle (D:10)
  2 polar bears (D:9)
  4 wraiths (D:11)
  Sigmund (D:5)
  4 wyverns
  2 unseen horror simulacra (D:9)
  13 yaks
  Edmund (D:6)
  Duvessa (D:7)
  3 acid dragons
  2 water moccasins (D:5)
  7 orc warriors
  6 ice beasts
  2 black bears (D:10)
  A sky beast (D:8)
  An ogre (D:5)
  6 centaurs
  A phantom (D:5)
  A kobold brigand (D:10)
  A gnoll sergeant (D:7)
  4 bullfrogs
  3 water moccasin zombies (Ossuary)
  3 wights (D:10)
  Dowan (D:7)
  29 killer bees
  3 electric eels (D:9)
  7 hounds
  5 jellies
  2 gnoll boudas
  4 orc priests
  5 iguanas
  Ijyb (D:4)
  Natasha (D:3)
  Terence (D:3)
  7 orc wizards
  A centaur simulacrum (D:9)
  2 mummies (Ossuary)
  Robin (D:3)
  12 gnolls
  7 adders
  3 white imps
  A howler monkey simulacrum (D:9)
  3 ufetubi (D:9)
  8 adder zombies (Ossuary)
  3 dart slugs
  34 orcs
  9 ball pythons
  7 bats
  4 endoplasms
  A giant cockroach (D:3)
  A gnoll zombie (Ossuary)
  13 goblins
  14 hobgoblins
  7 jackals
  2 quokkas
  14 frilled lizards
  6 hobgoblin zombies (Ossuary)
  14 kobolds
  6 kobold zombies (Ossuary)
  An orc zombie (Ossuary)
  8 rats
321 creatures vanquished.

Vanquished Creatures (collateral kills)
  A two-headed ogre (D:10)
  An elephant (D:10)
  Joseph (D:9)
  A kobold demonologist (D:11)
  A wraith (D:9)
  2 yaks
  A water moccasin (D:7)
  8 killer bees
  An orc priest (D:11)
  2 gnolls
  A howler monkey simulacrum (D:9)
  An orc (D:10)
  2 kobolds (D:10)
  A kobold zombie (Ossuary)
  An orc zombie (Ossuary)
25 creatures vanquished.

Vanquished Creatures (others)
  3 battlemagi
  2 ancestors
5 creatures vanquished.

Grand Total: 351 creatures vanquished

Notes
Turn   | Place    | Note
-------+----------+-------------------------------------------
     0 | D:1      | Firecrotchwizard the Minotaur Shapeshifter began the quest
                  | for the Orb.
     0 | D:1      | Reached XP level 1. HP: 16/16 MP: 0/0
    72 | D:1      | Reached XP level 2. HP: 23/23 MP: 1/1
   334 | D:1      | Reached XP level 3. HP: 29/29 MP: 2/2
   496 | D:1      | Found a glowing golden altar of the Shining One.
   557 | D:1      | Found a faded altar of an unknown god.
   696 | D:2      | Reached skill level 2 in Fighting
  1336 | D:3      | Found Eleisur's Magic Scroll Shop.
  1358 | D:3      | Found Kuhio's Antique Weapon Boutique.
  1375 | D:3      | Reached XP level 4. HP: 33/36 MP: 3/3
  1426 | D:3      | Found Dyja's Antique Armour Boutique.
  1489 | D:3      | Found Plog's Armour Shop.
  1497 | D:3      | Noticed Terence
  1502 | D:3      | Killed Terence
  1657 | D:3      | Noticed Robin
  1667 | D:3      | Reached XP level 5. HP: 42/42 MP: 4/4
  1670 | D:3      | Killed Robin
  1680 | D:3      | Reached skill level 5 in Unarmed Combat
  1742 | D:3      | Found a bloodstained altar of Trog.
  1844 | D:3      | Found a burning altar of Makhleb.
  1846 | D:3      | Found a glowing silver altar of Zin.
  1846 | D:3      | Noticed an angel
  1847 | D:3      | Noticed an Executioner
  1975 | D:3      | Found Raixkush's Armour Emporium.
  2572 | D:4      | Reached skill level 1 in Armour
  2603 | D:4      | Found a white marble altar of Elyvilon.
  2619 | D:4      | Noticed Natasha
  2619 | D:4      | Noticed Ijyb
  2626 | D:4      | Reached skill level 3 in Fighting
  2628 | D:3      | Killed Natasha
  2728 | D:4      | Killed Ijyb
  2729 | D:4      | Reached XP level 6. HP: 51/51 MP: 5/5
  2740 | D:4      | Found an ancient bone altar of Kikubaaqudgha.
  3127 | D:5      | Entered Level 5 of the Dungeon
  3149 | D:5      | Noticed a water moccasin
  3154 | D:5      | Killed a water moccasin
  3155 | D:5      | Reached XP level 7. HP: 56/58 MP: 6/6
  3203 | D:5      | Reached skill level 4 in Fighting
  3540 | D:5      | Noticed Sigmund
  3547 | D:5      | Killed Sigmund
  3644 | D:5      | Reached XP level 8. HP: 60/67 MP: 7/7
  3709 | D:5      | Found a hazy altar of Hepliaklqana.
  3764 | D:5      | Became a worshipper of Hepliaklqana the Forgotten
  3809 | D:5      | Reached skill level 5 in Fighting
  4179 | D:5      | Found a glowing golden altar of the Shining One.
  4459 | D:6      | Reached skill level 5 in Armour
  4735 | D:6      | Found a staircase to the Ecumenical Temple.
  4748 | D:6      | Reached skill level 6 in Fighting
  4748 | D:6      | Noticed Edmund
  4756 | D:6      | Killed Edmund
  4786 | D:6      | Reached * piety under Hepliaklqana
  4925 | D:6      | Reached XP level 9. HP: 31/67 MP: 8/8
  5204 | D:7      | Found a runed translucent door.
  5209 | D:7      | Noticed Dowan
  5212 | D:7      | Noticed Duvessa
  5225 | D:7      | Killed Duvessa
  5228 | D:7      | Killed Dowan
  5393 | D:7      | Reached skill level 5 in Shapeshifting
  5498 | D:7      | Identified a scroll of acquirement
  5498 | D:7      | Acquired the +3 warlock's mirror {omnireflect}
  5498 | D:7      | Found the +3 warlock's mirror {omnireflect}
  5679 | D:7      | Reached skill level 7 in Fighting
  5746 | D:7      | Reached skill level 10 in Unarmed Combat
  6006 | D:7      | Found Ozxeivy's Distillery.
  6010 | D:7      | Found Buitept's Antique Weapon Boutique.
  6010 | D:7      | Found Ilicirud's Magic Scroll Boutique.
  6011 | D:7      | Found Loroleuf's General Store.
  6014 | D:7      | Bought a potion of curing for 36 gold pieces
  6018 | D:7      | Bought a scroll of teleportation for 33 gold pieces
  6018 | D:7      | Bought a scroll of teleportation for 33 gold pieces
  6090 | D:8      | Reached ** piety under Hepliaklqana
  6229 | D:8      | Found an iron altar of Okawaru.
  6267 | D:8      | Found Vufooloy's Antique Armour Boutique.
  6287 | D:8      | Noticed a two-headed ogre
  6301 | D:8      | Killed a two-headed ogre
  6302 | D:8      | Reached skill level 8 in Fighting
  6302 | D:8      | Reached XP level 10. HP: 57/79 MP: 9/9
  6863 | D:8      | Found a sand-covered staircase.
  6867 | Ossuary  | Entered an ossuary
  7327 | D:9      | Reached skill level 9 in Fighting
  7536 | D:9      | Noticed a two-headed ogre
  7536 | D:9      | Noticed Joseph
  7669 | D:9      | Killed a two-headed ogre
  7680 | D:9      | Killed Joseph
  7990 | D:9      | Found a blossoming altar of Fedhas.
  8180 | D:9      | Found Xaureku's Antique Weapon Shoppe.
  8310 | D:9      | Reached skill level 10 in Fighting
  8315 | D:9      | Reached XP level 11. HP: 58/89 MP: 10/10
  8618 | D:9      | Found a broken altar of Ashenzari.
  8618 | D:9      | Found a snail-covered altar of Cheibriados.
  8667 | D:10     | Entered Level 10 of the Dungeon
  8721 | D:10     | Reached *** piety under Hepliaklqana
  8722 | D:10     | Remembered your ancestor Tacocat as a battlemage
  8894 | D:10     | Noticed a two-headed ogre
  8899 | D:10     | Killed a two-headed ogre
  8908 | D:10     | Found a staircase to the Lair.
  9118 | D:10     | Reached skill level 1 in Invocations
  9217 | D:10     | Reached skill level 11 in Fighting
  9675 | D:11     | Found a staircase to the Orcish Mines.
 10510 | D:11     | Found a white marble altar of Elyvilon.
 10542 | D:11     | Noticed a two-headed ogre
 10550 | D:11     | Killed a two-headed ogre
 10625 | D:11     | Reached skill level 12 in Fighting
 10650 | D:11     | HP: 1/93 [troll (4)]
 10651 | D:11     | Slain by a troll

Illustrated notes

Levels and vault maps discovered:
D:1:      dpeg_arrival_lava_altar, layout_rooms,
          shapermc_ecumenical_altar_totnotflames, nrook_uturn
D:2:      layout_loops_ring
D:3:      layout_basic, grunt_temple_overflow_order_and_chaos_2,
          trog_three_pillars_becter, serial_shops, shop,
          nicolae_shop_statue_plus, shop, shop, nicolae_lakefront_shop,
          uniq_robin, uniq_terence
D:4:      layout_cave_pods, kiku_gazebo_pond_becter, kennysheep_little_box,
          uniq_natasha, uniq_ijyb
D:5:      layout_cave_pods, worldfamousw_hep_ancestral_shrine, tso_altar,
          minmay_lizard_king, uniq_sigmund
D:6:      layout_rooms, minmay_temple_entry_grid, uniq_edmund
D:7:      layout_basic, serial_curves, eino_curves_01, eino_curves_04,
          minmay_shop_grid_forest, nrook_mini_vaults, lightli_church_of_beogh,
          uniq_duvessa
D:8:      layout_basic, nicolae_overflow_hidden_temple, serial_shops,
          nicolae_shop_dealshenge, nicolae_ossuary_entry_plus
D:9:      layout_basic, kennysheep_mini_moat, gammafunk_temple_overflow_wave,
          serial_shops, shop, serial_ice, serial_ice_o, serial_ice_e,
          serial_ice_a, serial_ice_b, serial_ice_m, serial_ice_d, serial_ice_l,
          uniq_joseph
D:10:     layout_roguey, david_lair_generic, hex_large, lemuel_flame_loot_1
D:11:     wad_woods_minihive, layout_loops_corners,
          minmay_orc_entry_temple_small, portal_ice_cave_demonic_guard,
          serial_shops, nicolae_shop_real_fake_doors,
          nicolae_elyvilon_peaceful_grove

Skill      XL: |  1  2  3  4  5  6  7  8  9 10 11 |
---------------+----------------------------------+-----
Unarmed Combat | 4 5 6 7 9 11 | 11.6
Fighting       | 2 3 4 6 8 10 12 | 12.0
Dodging        | 3 |  3.1
Shapeshifting  | 3 4 5 7 9 |  9.2
Armour         | 1 2 4 5 |  5.5
Invocations    | 4 |  4.3

Action                     |  1- 3 |  4- 6 |  7- 9 | 10-12 || total
---------------------------+-------+-------+-------+-------++-------
  Melee: Unarmed           |    55 |       |   105 |   301 ||   461
         Headbutt          |     9 |     9 |    25 |    68 ||   111
         Quarterstaff      |    18 |    77 |    51 |       ||   146
         Punch             |       |       |     5 |       ||     5
  Throw: Dart              |       |       |     4 |       ||     4
 Invoke: Ancestor Identity |       |       |     1 |       ||     1
         Ancestor Life: Ba |       |       |       |     1 ||     1
  Evoke: Wand              |       |       |       |     2 ||     2
    Use: Scroll            |       |     8 |     4 |     1 ||    13
         Potion            |       |       |       |     8 ||     8
   Stab: Distracted        |       |       |       |     6 ||     6
 Armour: Animal skin       |    31 |    11 |       |       ||    42
         Scale mail        |       |    38 |   126 |   134 ||   298
         Plate armour      |       |       |       |    92 ||    92
  Dodge: Dodged            |    59 |    42 |   103 |   107 ||   311
  Block: Buckler           |       |       |     4 |    94 ||    98
         Reflection        |       |       |     1 |     5 ||     6

Table legend: (Time is in decaauts)
 A = Elapsed time spent in this place.
 B = Non-inter-level travel time spent in this place.
 C = Inter-level travel time spent in this place.
 D = Time resting spent in this place.
 E = Time spent auto-exploring this place.
 F = Levels seen in this place.
 G = Mean time per level.
                   A        B        C        D        E       F      G
               +--------+--------+--------+--------+--------+-----+--------+
         Total |  10626 |  10407 |    219 |   1238 |   7723 |  12 |  885.5 |
       Dungeon |  10458 |  10239 |    219 |   1238 |   7620 |  11 |  950.7 |
       Ossuary |    167 |    167 |      0 |      0 |    103 |   1 |  167.0 |
               +--------+--------+--------+--------+--------+-----+--------+

Top non-repeatable levels by time:
     D:9: 1379 daAuts
     D:5: 1137 daAuts
     D:8: 1005 daAuts
    D:10: 990 daAuts
    D:11: 967 daAuts
     D:6: 950 daAuts
     D:4: 926 daAuts
     D:3: 888 daAuts
     D:7: 879 daAuts
     D:1: 668 daAuts
     D:2: 665 daAuts
 Ossuary: 167 daAuts
